 Dungeon Crawl Stone Soup version 0.20.1-1-g8b1a95d (webtiles) character file.

99 ReteAZ the Ruffian (level 4, 0/45 HPs)
             Began as a Troll Chaos Knight on Aug 23, 2017.
             Slain by Crazy Yiuf
             ... wielding a +3 quarterstaff of chaos
              (2 damage)
             ... on level 2 of the Dungeon.
             The game lasted 00:01:56 (1856 turns).

ReteAZ the Ruffian (Troll Chaos Knight)             Turns: 1856, Time: 00:01:57

Health: 0/45       AC:  7    Str: 20    XL:     4   Next: 45%
Magic:  3/3        EV: 10    Int:  9    God:    Xom [..*...]
Gold:   170        SH:  0    Dex:  9    Spells: 3/3 levels left

rFire    . . .     SeeInvis .     - Unarmed
rCold    . . .     Gourm    +   (no shield)
rNeg     . . .     Faith    .   a - +2 robe
rPois    .         Spirit   .   (helmet restricted)
rElec    .         Reflect  .   (no cloak)
rCorr    .         Harm     .   (gloves unavailable)
MR       .....                  (boots unavailable)
Stlth    +.........             (no amulet)
Regen    0.6/turn               (no ring)
MPRegen  0.1/turn               (no ring)

@: no status effects
A: unfitting armour, claws 3, fast metabolism 3, gourmand, regeneration 1,
shaggy fur 1, tough skin 2
a: Renounce Religion


You were on level 2 of the Dungeon.
You worshipped Xom.
You were a toy of Xom.
You were not hungry.

You visited 1 branch of the dungeon, and saw 2 of its levels.

You collected 170 gold pieces.

Inventory:

Armour
 a - a +2 robe (worn)
Jewellery
 k - an uncursed ring of wizardry {unknown}
Scrolls
 c - a scroll of fear {unknown}
 e - a scroll of blinking {unknown}
 f - a scroll of immolation {unknown}
 g - 4 scrolls of enchant weapon {unknown}
 m - 2 scrolls of identify {unknown}
Potions
 d - a potion of flight {unknown}
 i - 3 potions of heal wounds {unknown}
 n - a potion of berserk rage {unknown}
Comestibles
 b - 5 bread rations
 h - a royal jelly
 j - a meat ration
 l - 2 fruits


   Skills:
 + Level 3.0 Fighting
 + Level 1.3 Armour
 + Level 2.3 Dodging
 * Level 4.0 Unarmed Combat


You had 3 spell levels left.
You didn't know any spells.

Dungeon Overview and Level Annotations

Branches:
Dungeon (2/15)

Altars:
Dithmenos
Nemelex Xobeh

Annotations:
D:2 Crazy Yiuf


Innate Abilities, Weirdness & Mutations

You are too large for most types of armour.
You have claws for hands.
Your metabolism is lightning-fast.
You like to eat raw meat.
Your natural rate of healing is unusually fast.
You are covered in fur. (AC +1)
You have very tough skin. (AC +2)


Message History

You scratch Crazy Yiuf.
Crazy Yiuf is almost dead.
Crazy Yiuf closely misses you.
You barely miss Crazy Yiuf.
Crazy Yiuf is almost dead.
Crazy Yiuf hits you with a quarterstaff of chaos!!
Crazy Yiuf freezes you.
You barely miss Crazy Yiuf.
Crazy Yiuf is almost dead.
Crazy Yiuf closely misses you.
You completely miss Crazy Yiuf.
Crazy Yiuf is almost dead.
Crazy Yiuf hits you with a quarterstaff of chaos!
You are electrocuted!
* * * LOW HITPOINT WARNING * * *
You closely miss Crazy Yiuf.
Crazy Yiuf is almost dead.
Crazy Yiuf hits you with a quarterstaff of chaos.
You die...
Xom yawns loudly!

#.# #.# #....#
#......# #.#
#.# #....#
#......# ##
#.###.# #..P##
#......# .#
#..<#.# ##.##
#......#
.########.#
#.## #......#
.....)....#
##.# #......#
###########
#.## #.....##
##.# #...†.#
#@#
#.....######
####### #.g.#
#..........%
....... #...#
#.....#.####
##########
#..)#
#.....#.#
.........#
#####
#.....#.#
#.##.....###
#######.#
..##.......###
#.#
..##..........
##.#
.###..........
.## #...#


You could see Crazy Yiuf.

Vanquished Creatures
  Jessica (D:2)
  2 adders (D:2)
  An ooze (D:1)
  A worm (D:2)
  A dart slug (D:2)
  2 leopard geckos (D:1)
  6 giant cockroaches
  2 goblins
  2 hobgoblins
  4 jackals (D:2)
  6 kobolds
  13 bats
  3 frilled lizards
  2 rats
46 creatures vanquished.

Notes
Turn   | Place    | Note
-------+----------+-------------------------------------------
     0 | D:1      | ReteAZ the Troll Chaos Knight began the quest for the Orb.
     0 | D:1      | Reached XP level 1. HP: 22/22 MP: 0/0
   331 | D:1      | Reached XP level 2. HP: 29/29 MP: 1/1
   791 | D:1      | XOM: cloud trail
   889 | D:1      | XOM: mild Conj miscast
   995 | D:1      | XOM: mild Tmut miscast
  1038 | D:1      | XOM: mild Tloc miscast
  1140 | D:2      | Found a sparkling altar of Nemelex Xobeh.
  1146 | D:2      | Reached XP level 3. HP: 36/36 MP: 2/2
  1232 | D:2      | Reached skill level 1 in Armour
  1316 | D:2      | Found a shadowy altar of Dithmenos.
  1715 | D:2      | Reached XP level 4. HP: 43/44 MP: 3/3
  1733 | D:2      | Noticed Jessica
  1733 | D:2      | XOM: mild Air miscast
  1736 | D:2      | XOM: cast spell 'Call Canine Familiar'
  1737 | D:2      | Killed Jessica
  1758 | D:2      | Reached skill level 4 in Unarmed Combat
  1785 | D:2      | Found a runed door.
  1849 | D:2      | Noticed Crazy Yiuf
  1855 | D:2      | HP: 1/45 [Crazy Yiuf/quarterstaff of chaos (14)]
  1856 | D:2      | Slain by Crazy Yiuf

Skill      XL: |  1  2  3  4 |
---------------+-------------+-----
Dodging        | 2 |  2.3
Armour         | 1 |  1.3
Fighting       | 3 |  3.0
Unarmed Combat | 4 |  4.0

Action                   |  1- 3 |  4- 6 || total
-------------------------+-------+-------++-------
Melee: Unarmed           |   135 |    22 ||   157
       Punch             |     1 |       ||     1
 Stab: Distracted        |     1 |       ||     1
  Eat: Chunk             |    14 |       ||    14
Armor: Robe              |    85 |     6 ||    91
Dodge: Dodged            |    94 |    14 ||   108
